 Dungeon Crawl Stone Soup version 0.21-a0-110-g8e1637b (webtiles) character file.

11 Charly the Insei (level 2, 0/22 HPs)
             Began as a Barachi Transmuter on July 8, 2017.
             Shot with a stone by a goblin (6 damage)
             ... led by Robin
             ... on level 2 of the Dungeon.
             The game lasted 00:02:56 (248 turns).

Charly the Insei (Barachi Transmuter)                Turns: 248, Time: 00:02:56

Health: 0/22       AC:  2    Str: 11    XL:     2   Next: 29%
Magic:  3/5        EV: 12    Int: 13    God:
Gold:   0          SH:  2    Dex: 12    Spells: 2/5 levels left

rFire    . . .     SeeInvis .     - Unarmed
rCold    . . .     Gourm    .   (no shield)
rNeg     . . .     Faith    .   b - +0 robe
rPois    .         Spirit   .   (no helmet)
rElec    .         Reflect  +   (no cloak)
rCorr    .         Harm     .   (no gloves)
MR       .....                  (no boots)
Stlth    +.........             j - +2 amulet of reflection
HPRegen  0.07/turn              (no ring)
MPRegen  0.09/turn              (no ring)

@: can't hop, slow
A: +LOS, swims, slowness 1, strong legs 1
a: Hop


You were on level 2 of the Dungeon.
You were not hungry.

You visited 1 branch of the dungeon, and saw 2 of its levels.

Inventory:

Missiles
 a - 10 arrows
 e - 19 poisoned needles
Armour
 b - a +0 robe (worn)
Jewellery
 j - a +2 amulet of reflection (around neck)
Scrolls
 f - a scroll of identify {unknown}
 i - a scroll of random uselessness {unknown}
Potions
 g - a potion of degeneration {unknown}
 h - a potion of heal wounds {unknown}
Books
 c - a book of Changes

   Spells                             Type                      Level
   a - Beastly Appendage              Transmutation                1
   b - Sticks to Snakes               Transmutation                2
   c - Spider Form                    Transmutation/Poison         3
   d - Ice Form                       Ice/Transmutation            4
   e - Blade Hands                    Transmutation                5
Comestibles
 d - 2 bread rations


   Skills:
 + Level 2.1 Fighting
 - Level 2.1 Dodging
 + Level 3.7 Unarmed Combat
 - Level 2.1 Spellcasting
 - Level 2.1 Transmutations


You had 2 spell levels left.
You knew the following spells:

 Your Spells              Type           Power        Failure   Level  Hunger
a - Beastly Appendage     Tmut           #.....       10%         1    ##.....
s - Sticks to Snakes      Tmut           #.......     16%         2    ###....


Dungeon Overview and Level Annotations

Branches:
Dungeon (2/15)

Altars:

Annotations:
D:2 Robin


Innate Abilities, Weirdness & Mutations

Shadows flee at your approach. (+LOS)
You can swim through water.
You cover ground slowly.
You can hop short distances.


Message History

Okay, then.
Okay, then.
Adjust (i)tems, (s)pells, or (a)bilities?
Adjust which ability? f - Hop Adjust to which letter? h - Hop Hop to where?
Press: ? - help, Dir - move target cursor, f - ball python
Aim: a ball python (friendly)
Okay, then.
Hop to where?
Press: ? - help, Dir - move target cursor Boing!
Your horns disappear.
The goblin wields a hunting sling.
The goblin shoots a stone.
The stone hits your ball python.
The goblin shoots a stone.
The stone misses your ball python. The stone hits you.
You die...

# ..... #.####..######
#..........#.####
.#######............
..........†#.#...#.#
........#........#.# #######
#.#####.....(#...#.#####.......
#.########.#(#...#.............
#..........#.(<.@..S(.§g.......
##....†....############........
................... ........
##.........[..##### .#######
#####............# .#
#.###....###.# gg
#.###....###.# g.
#..).........# gg
#####.#.######


g.g You could see a goblin and a friendly ball python.

Vanquished Creatures
  A goblin (D:1)
  2 bats
  A frilled lizard (D:1)
  5 kobolds (D:1)
  A rat (D:2)
10 creatures vanquished.

Vanquished Creatures (collateral kills)
  2 leopard geckos (D:2)
  A kobold (D:2)
3 creatures vanquished.

Grand Total: 13 creatures vanquished

Notes
Turn   | Place    | Note
-------+----------+-------------------------------------------
     0 | D:1      | Charly the Barachi Transmuter began the quest for the Orb.
     0 | D:1      | Reached XP level 1. HP: 15/15 MP: 3/3
   173 | D:2      | Reached XP level 2. HP: 11/22 MP: 3/5
   177 | D:2      | Learned a level 2 spell: Sticks to Snakes
   246 | D:2      | Noticed Robin
   248 | D:2      | Shot with a stone by a goblin

Vault maps used:
D:1:      minmay_arrival_solitary_statue
D:2:      uniq_robin, uniq_crazy_yiuf_cottage

Skill      XL: |  1  2 |
---------------+-------+-----
Fighting       | 2 |  2.1
Dodging        | |  2.1
Unarmed Combat | |  3.7
Spellcasting   | |  2.1
Transmutations | |  2.1

Action                   || total
-------------------------++-------
Melee: Unarmed           ||    32
       Kick              ||     2
 Cast: Beastly Appendage ||     5
       Sticks to Snakes  ||     2
 Abil: Hop               ||     1
Armor: Robe              ||     5
Dodge: Dodged            ||    22
